 Dungeon Crawl Stone Soup version 0.30-a0-802-gb92711bcdf (webtiles) character file.

Game seed: 18045920174456997551

179535 freelancePsychic the Warrior (level 18, -6/129 HPs)
             Began as a Gargoyle Brigand on Feb 23, 2023.
             Was the Champion of Trog.
             Mangled by the 27-headed Lernaean hydra (11 damage)
             ... on level 4 of the Swamp.
             The game lasted 01:05:13 (34662 turns).

freelancePsychic the Warrior (Gargoyle Brigand)    Turns: 34662, Time: 01:05:14

Health: -6/129     AC: 30    Str: 20    XL:     18   Next: 24%
Magic:  18/18      EV: 21    Int: 16    God:    Trog [******]
Gold:   931        SH:  5    Dex: 13    Spells: 17/17 levels left

rFire   . . .      SeeInvis .    a - +10 dark maul {heavy}
rCold   . . .      Faith    .    (shield currently unavailable)
rNeg    + . .      Spirit   .    M - +0 steam dragon scales
rPois   ∞          Reflect  +    K - +2 helmet {Int+3}
rElec   +          Harm     .    c - +0 cloak
rCorr   .          Rampage  .    E - +0 pair of gloves
Will    +++..                    W - +0 pair of boots
Stlth   +++++                    k - amulet of reflection
HPRegen 1.41/turn                f - +5 ring of evasion
MPRegen 0.16/turn                (no ring)

@: strong-willed (expiring), flying, regenerating (expiring)
A: sickness immunity, AC +13, big wings, negative energy resistance 1,
electricity resistance, torment resistance 1, petrification resistance
a: Renounce Religion, Berserk, Trog's Hand, Brothers in Arms


You were on level 4 of the Swamp.
You worshipped Trog.
Trog was exalted by your worship.
You visited 6 branches of the dungeon, and saw 31 of its levels.
You also visited: Ice Cave.

You collected 2802 gold pieces.
You spent 1871 gold pieces at shops.

Inventory:

Hand Weapons
 a - the +10 dark maul (weapon) {heavy}
   (You took it off a two-headed ogre on level 9 of the Dungeon)
 b - a +2 antimagic great mace
Missiles
 d - 18 poisoned darts (quivered)
 e - 12 curare-tipped darts
Armour
 c - a +0 cloak (worn)
 E - a +0 pair of gloves (worn)
 K - a +2 helmet of intelligence (worn)
 M - +0 steam dragon scales (worn)
 Q - a +0 crystal plate armour of cold resistance
 U - a +4 plate armour of fire resistance
 W - a +0 pair of boots (worn)
Jewellery
 f - a +5 ring of evasion (left hand)
 k - an amulet of reflection (around neck)
 J - a ring of fire
 P - a ring of ice
 S - a ring of fire
Wands
 g - a wand of polymorph (13)
 B - a wand of roots (9)
 D - a wand of acid (3)
 H - a wand of charming (30)
 L - a wand of digging (9)
 R - a wand of mindburst (6)
Scrolls
 h - a scroll of magic mapping
 j - 3 scrolls of torment
 n - 17 scrolls of teleportation {@r4}
 o - 5 scrolls of enchant weapon
 p - 6 scrolls of amnesia
 q - 4 scrolls of enchant armour
 r - 9 scrolls of poison
 y - 6 scrolls of blinking
 F - 5 scrolls of identify {@r1}
 I - 9 scrolls of fog
 T - a scroll of brand weapon
 X - a scroll of silence
 Y - 2 scrolls of immolation
Potions
 i - 5 potions of heal wounds {@q2}
 l - 6 potions of lignification
 m - 4 potions of ambrosia
 s - 4 potions of invisibility
 t - 5 potions of mutation
 u - 3 potions of cancellation
 v - 5 potions of resistance
 z - 3 potions of berserk rage
 A - 15 potions of curing {@q1}
 C - 10 potions of flight
 G - 4 potions of might
 N - 7 potions of haste {@q3}
 O - 3 potions of attraction
Miscellaneous
 w - a phantom mirror (inert)
 x - a tin of tremorstones (2/2)
 V - a lightning rod (4/4)
 Z - a phial of floods


   Skills:
 - Level 20.0 Fighting
 - Level 5.0 Short Blades
 + Level 18.8 Maces & Flails
 - Level 2.0 Throwing
 + Level 14.3 Armour
 - Level 8.9 Dodging
 - Level 11.4 Stealth
 - Level 11.8 Evocations


You had 17 spell levels left.
You didn't know any spells.
Your spell library contained the following spells:

 Spells                   Type           Power      Damage    Failure   Level
 Gell's Gravitas          Tloc           0%         N/A       58%         3
 Teleport Other           Tloc           0%         N/A       58%         3
 Dispersal                Tloc           0%         N/A       100%        6


Dungeon Overview and Level Annotations

Branches:
Dungeon (15/15)            Temple (1/1) D:7            Lair (5/5) D:8
  Swamp (4/4) Lair:3        Snake (4/4) Lair:2        Slime (0/5) Lair:4
    Orc (2/2) D:12            Elf (0/3) Orc:2        Vaults (0/5) D:14
 Depths (0/4) D:15          IceCv (visited)

Altars:
Ashenzari
Dithmenos
Elyvilon
Kikubaaqudgha
Makhleb
Nemelex Xobeh
Qazlal
Sif Muna
Trog
Uskayaw
Vehumet
Wu Jian
Xom
Yredelemnul
Zin
Jiyva
Lugonu

Shops:
D:9 (   Orc:2 [(??   Snake:1 [=:[

Portals:
Abyss: Lair:5

Annotations:
D:7 Dowan, Duvessa
D:8 Psyche
Lair:1 exclusion: oklob plant
Lair:3 3 runed translucent doors, Vacku Hude's ghost, journeyman HOFi
Swamp:4 Lernaean hydra
Snake:1 Roxanne


Innate Abilities, Weirdness & Mutations

You are immune to sickness and miasma.
Your stone body is resilient. (AC +13)
You are immune to poison.
Your large and strong wings let you fly.
You resist negative energy. (rN+)
You are resistant to electric shocks. (rElec)
You are resistant to unholy torment.
You are immune to petrification.


Message History

The 27-headed Lernaean hydra bites you.
The 27-headed Lernaean hydra closely misses you.
The 27-headed Lernaean hydra bites you but does no damage. x5
The 27-headed Lernaean hydra bites you!
The 27-headed Lernaean hydra bites you but does no damage. x7
The swamp dragon completely misses you.
The swamp dragon claws you but does no damage.
The swamp dragon tramples you but does no damage.
You thump the 27-headed Lernaean hydra!
The 27-headed Lernaean hydra is almost dead.
You feel the effects of Trog's Hand fading.
The 27-headed Lernaean hydra bites you but does no damage.
The 27-headed Lernaean hydra bites you.
* * * LOW HITPOINT WARNING * * *
The 27-headed Lernaean hydra bites you!
* * * LOW HITPOINT WARNING * * *
The 27-headed Lernaean hydra bites you but does no damage. x2
The 27-headed Lernaean hydra completely misses you.
The 27-headed Lernaean hydra bites you but does no damage.
You block the 27-headed Lernaean hydra's attack.
The 27-headed Lernaean hydra bites you but does no damage. x2
The 27-headed Lernaean hydra closely misses you.
The 27-headed Lernaean hydra bites you but does no damage.
The 27-headed Lernaean hydra bites you!
* * * LOW HITPOINT WARNING * * *
The 27-headed Lernaean hydra bites you but does no damage. x2
The 27-headed Lernaean hydra completely misses you.
The 27-headed Lernaean hydra bites you but does no damage.
The 27-headed Lernaean hydra bites you!
* * * LOW HITPOINT WARNING * * *
The 27-headed Lernaean hydra bites you but does no damage. x5
The 27-headed Lernaean hydra completely misses you.
The 27-headed Lernaean hydra misses you. x2
You block the 27-headed Lernaean hydra's attack.
The bunyip howls a warning cry!
The swamp dragon completely misses you. x2; The swamp dragon misses you.
The 27-headed Lernaean hydra misses you. x2
The 27-headed Lernaean hydra bites you but does no damage. x2
The 27-headed Lernaean hydra bites you!
You die...

#≈#~~≈#≈~≈≈~ #≈#~§§~≈D○~
#≈~.~≈.○~≈ ##(.#§# ♣ #≈≈.~#
♣≈##kxD# ♣ . ##D## # #♣♣♣♣ ♣
♣♣~♣≈ ♣≈#DD## ≈♣ ♣≈#≈♣ ♣ ♣♣♣~.~♣
♣.#.@.#≈.♣♣♣♣♣♣~~≈♣♣ ♣ ♣♣~♣.~♣
♣..~.#.♣♣≈≈♣♣≈≈≈≈~♣
♣♣♣.....#♣♣♣♣♣♣..~.♣♣≈#≈~♣≈≈≈≈~♣
....~~.~~.♣.♣♣♣..≈♣♣♣...#≈≈~#~≈♣
.~~~~~...........♣♣≈~~~.~≈.≈.~.♣♣
.~~~~.~~..#~~.~...♣~..~.~~..~...♣
♣..~~~~†..~~.....~.♣♣.~#~....~?.♣
♣♣♣.~~.~~.~♣~~~~~~.~♣~.....§.~.♣♣
♣♣~~~..~~♣♣~~~~~~~♣♣.~.~.♣♣~..♣


You could see the 27-headed Lernaean hydra, a bunyip, a four-headed hydra, 2
swamp dragons and a swamp drake.

Vanquished Creatures
  A thorn hunter (Swamp:1)
  3 fenstrider witches
  Donald (Snake:1)
  Aizul (Snake:1)
  An orc warlord (Orc:2)
  4 eleionomae
  6 bunyips
  10 hydras
  An ogre mage (D:15)
  6 centaur warriors
  An ice dragon (D:11)
  Erica (D:8)
  6 anacondas
  A ghost crab (Swamp:1)
  10 two-headed ogres
  5 boulder beetles
  3 thrashing horrors (Lair:5)
  2 naga warriors
  An orc high priest (Orc:2)
  13 death yaks
  6 alligators
  2 naga sharpshooters
  Urug (D:14)
  A tengu warrior (D:14)
  6 shock serpents
  Sonja (D:10)
  3 skysharks
  A salamander mystic (Snake:2)
  A goliath frog (shapeshifter) (Lair:5)
  3 goliath frogs
  6 naga ritualists
  A deep troll (Lair:1)
  2 bog bodies
  9 swamp dragons (Swamp:4)
  2 wizards (D:15)
  4 deep elf pyromancers
  Pikel (D:7)
  3 orc knights
  6 orc sorcerers
  A necromancer (D:15)
  18 mana vipers
  3 ugly things (Lair:5)
  2 manticores
  11 salamanders
  6 will-o-the-wisps
  5 cyclopes
  A guardian serpent (D:13)
  20 elephants
  7 naga magi
  2 smoke demons (Lair:5)
  2 ice statues (IceCv)
  27 black mambas
  A centaur zombie (D:15)
  10 cane toads
  3 gargoyles
  3 rime drakes
  2 centaur skeletons (D:15)
  2 efreet
  A kobold demonologist (D:11)
  11 komodo dragons
  7 ice devils (IceCv)
  An ancient zyme (Lair:5)
  A tengu conjurer (D:14)
  7 trolls
  6 tyrant leeches
  2 polar bears (D:11)
  A hornet (shapeshifter) (D:15)
  7 hornets (Swamp:3)
  29 blink frogs
  7 dream sheep (Lair:5)
  12 slime creatures
  2 dire elephant simulacra (IceCv)
  2 shadows
  A yak (shapeshifter) (D:15)
  A centaur simulacrum (D:15)
  2 wraiths (D:11)
  53 yaks
  A large abomination (Lair:5)
  8 spriggans
  3 ynoxinuls (Lair:5)
  3 wyverns
  10 humans
  A steam dragon (D:9)
  9 basilisks
  16 vampire mosquitoes
  Menkaure (D:4)
  2 chaos spawn (Lair:5)
  9 swamp worms
  11 small abominations (Lair:5)
  3 wargs
  3 harpy simulacra (IceCv)
  14 nagas
  An acid dragon (D:12)
  19 water moccasins
  2 ice beasts
  24 orc warriors
  A black bear (D:8)
  7 swamp drakes
  6 ogres
  12 wolves
  A lemure (D:7)
  21 centaurs
  5 phantoms
  A kobold brigand (D:8)
  A necrophage (D:8)
  14 bullfrogs
  2 two-headed ogre simulacra (IceCv)
  3 scorpions
  A scorpion (shapeshifter) (D:12)
  5 wights (D:8)
  A troll zombie (D:12)
  26 killer bees
  An elephant simulacrum (IceCv)
  4 howler monkeys (D:9)
  2 electric eels
  2 lava snakes (Lair:2)
  4 quasits (D:6)
  Crazy Yiuf (D:2)
  4 gnoll boudas
  20 orc priests
  2 hounds (D:5)
  A jelly (D:5)
  4 iguanas
  Terence (D:2)
  Natasha (D:1)
  23 orc wizards
  2 troll simulacra (IceCv)
  Ijyb (D:4)
  5 spriggan simulacra (IceCv)
  3 polar bear simulacra (IceCv)
  7 ogre zombies (D:12)
  13 gnolls
  8 adders
  A naga simulacrum (IceCv)
  6 shadow imps
  5 white imps
  5 ufetubi
  A worm (D:4)
  4 dart slugs
  68 orcs
  5 endoplasms
  3 giant cockroaches
  9 goblins
  4 hobgoblins
  10 jackals
  5 quokkas
  7 ball pythons
  5 bats
  5 frilled lizards
  A goblin skeleton (D:12)
  A goblin zombie (D:12)
  3 hobgoblin skeletons (D:12)
  2 hobgoblin zombies (D:12)
  5 kobolds
  3 orc skeletons (D:12)
  15 orc zombies (D:12)
  8 rats
952 creatures vanquished.

Vanquished Creatures (collateral kills)
  Rupert (D:14)
  A reaper (IceCv)
  Snorg (Orc:2)
  A two-headed ogre (Orc:2)
  A naga warrior (Snake:2)
  A mana viper (Snake:3)
  2 orc sorcerers (Orc:2)
  An orc knight (Orc:2)
  A black mamba (Snake:3)
  A naga mage (Snake:2)
  6 humans (D:14)
  4 nagas
  4 orc warriors (Orc:2)
  2 orc priests (Orc:2)
  An orc wizard (Orc:2)
  4 orcs (Orc:2)
32 creatures vanquished.

Vanquished Creatures (others)
  A wizard (D:3)
  A black mamba (Snake:3)
  A bloated husk (Swamp:4)
  A swamp drake (Swamp:4)
  A centaur (D:13)
  An orc wizard (Orc:2)
  2 orcs (Orc:2)
  3 demonic plants (D:6)
  17 foxfires
  71 fungi
  86 plants
185 creatures vanquished.

Grand Total: 1169 creatures vanquished

Notes
Turn   | Place    | Note
-------+----------+-------------------------------------------
     0 | D:1      | freelancePsychic the Gargoyle Brigand began the quest for
                  | the Orb.
     0 | D:1      | Reached XP level 1. HP: 12/12 MP: 1/1
   148 | D:1      | Reached XP level 2. HP: 16/18 MP: 2/2
   447 | D:1      | Reached skill level 5 in Stealth
   460 | D:1      | Reached XP level 3. HP: 20/22 MP: 3/3
   555 | D:1      | Found a faded altar of an unknown god.
   555 | D:1      | Noticed a rust devil
   851 | D:2      | Noticed Terence
   875 | D:2      | Killed Terence
   876 | D:2      | Reached skill level 3 in Fighting
   876 | D:2      | Reached XP level 4. HP: 28/28 MP: 4/4
  1016 | D:2      | Noticed Natasha
  1028 | D:1      | Killed Natasha
  1287 | D:2      | Reached XP level 5. HP: 31/32 MP: 5/5
  1720 | D:2      | Found a runed translucent door.
  1721 | D:2      | Noticed Crazy Yiuf
  1738 | D:2      | Killed Crazy Yiuf
  1868 | D:3      | Found a bloodstained altar of Trog.
  1869 | D:3      | Noticed a wizard
  1874 | D:3      | Became a worshipper of Trog the Wrathful
  1875 | D:3      | Killed a wizard
  1951 | D:3      | Reached skill level 4 in Fighting
  2517 | D:4      | Noticed Menkaure
  2585 | D:4      | Reached XP level 6. HP: 23/39 MP: 6/6
  2665 | D:4      | Found a shimmering blue altar of Sif Muna.
  2681 | D:4      | Found a white marble altar of Elyvilon.
  2687 | D:4      | Found an ancient bone altar of Kikubaaqudgha.
  2691 | D:4      | Found a glowing silver altar of Zin.
  2698 | D:4      | Found a hide-covered altar of Uskayaw.
  2742 | D:4      | Reached * piety under Trog
  2877 | D:4      | Found a broken altar of Ashenzari.
  2881 | D:4      | Found a stormy altar of Qazlal.
  3003 | D:4      | Found an ornate altar of the Wu Jian Council.
  3137 | D:4      | Killed Menkaure
  3138 | D:4      | Reached skill level 5 in Fighting
  3138 | D:4      | Reached XP level 7. HP: 30/44 MP: 7/7
  3237 | D:4      | Noticed Ijyb
  3242 | D:4      | Killed Ijyb
  3292 | D:5      | Entered Level 5 of the Dungeon
  3339 | D:5      | Reached skill level 5 in Short Blades
  3735 | D:5      | Identified the +1 scale mail "Hininas" {Harm Regen+ rCorr
                  | Dex-2}
  4031 | D:5      | Reached skill level 6 in Fighting
  4031 | D:5      | Reached XP level 8. HP: 44/51 MP: 8/8
  4959 | D:6      | Reached skill level 1 in Maces & Flails
  5288 | D:6      | Reached skill level 7 in Fighting
  6536 | D:7      | Found a staircase to the Ecumenical Temple.
  6572 | D:7      | Reached skill level 5 in Maces & Flails
  6572 | D:7      | Reached XP level 9. HP: 36/57 MP: 9/9
  6574 | D:7      | Reached ** piety under Trog
  6820 | D:7      | Found a burning altar of Makhleb.
  6987 | D:7      | Noticed Duvessa
  6987 | D:7      | Noticed Dowan
  7191 | D:7      | Noticed Pikel
  7258 | D:7      | Killed Pikel
  7270 | Temple   | Entered the Ecumenical Temple
  7498 | D:7      | Found a sparkling altar of Nemelex Xobeh.
  7619 | D:7      | Found a shimmering altar of Xom.
  8124 | D:8      | Noticed Erica
  8250 | D:8      | Reached XP level 10. HP: 63/63 MP: 10/10
  8281 | D:8      | Noticed a two-headed ogre
  8295 | D:8      | Killed a two-headed ogre
  8296 | D:8      | Reached skill level 10 in Maces & Flails
  8380 | D:8      | Noticed Psyche
  8795 | D:8      | Found a staircase to the Lair.
  8810 | D:8      | Reached skill level 1 in Dodging
  8827 | D:8      | Killed Erica
  8828 | D:8      | Reached skill level 1 in Evocations
  9152 | D:8      | Reached *** piety under Trog
  9182 | D:8      | Reached XP level 11. HP: 53/68 MP: 11/11
  9624 | D:9      | Noticed a cyclops
  9644 | D:9      | Killed a cyclops
  9645 | D:9      | Reached skill level 8 in Fighting
  9994 | D:9      | Noticed a two-headed ogre
 10010 | D:9      | Killed a two-headed ogre
 10391 | D:9      | Noticed a cyclops
 10404 | D:9      | Killed a cyclops
 10495 | D:9      | Found Nyvuck's Weapon Shop.
 10665 | D:9      | Noticed a two-headed ogre
 10683 | D:9      | Killed a two-headed ogre
 10684 | D:9      | Reached skill level 9 in Fighting
 10799 | D:9      | Noticed a cyclops
 10802 | D:9      | Killed a cyclops
 10840 | D:10     | Entered Level 10 of the Dungeon
 10937 | D:9      | Reached skill level 5 in Dodging
 11038 | D:9      | Reached **** piety under Trog
 11198 | D:9      | Reached skill level 10 in Fighting
 11330 | D:10     | Noticed a two-headed ogre
 11340 | D:10     | Killed a two-headed ogre
 11526 | D:10     | Noticed Sonja
 11538 | D:10     | Killed Sonja
 11539 | D:10     | Reached XP level 12. HP: 78/78 MP: 12/12
 11547 | D:10     | Found a basalt altar of Yredelemnul.
 12201 | D:10     | Identified a scroll of acquirement
 12201 | D:10     | Acquired a manual of Fighting
 12359 | D:11     | Noticed a two-headed ogre
 12367 | D:11     | Killed a two-headed ogre
 12368 | D:11     | Reached skill level 11 in Fighting
 12405 | D:11     | Found a frozen archway.
 12407 | D:11     | Noticed an ice dragon
 12417 | D:11     | Killed an ice dragon
 12585 | IceCv    | Entered an ice cave
 12848 | IceCv    | Reached skill level 12 in Fighting
 13419 | IceCv    | Noticed a reaper
 13426 | IceCv    | Killed a reaper
 13427 | IceCv    | Reached skill level 13 in Fighting
 13716 | Lair:1   | Entered Level 1 of the Lair of Beasts
 13770 | Lair:1   | Reached skill level 1 in Armour
 13918 | Lair:1   | Reached XP level 13. HP: 88/88 MP: 13/13
 14202 | Lair:1   | Reached skill level 14 in Fighting
 15201 | Lair:2   | Identified the +5 short sword "Diast" {flame, SInv}
 15211 | Lair:2   | Reached ***** piety under Trog
 15212 | Lair:2   | Reached skill level 5 in Armour
 15267 | Lair:2   | Reached skill level 15 in Fighting
 15930 | Lair:2   | Reached skill level 16 in Fighting
 16384 | Lair:2   | Found a staircase to the Snake Pit.
 16606 | Lair:3   | Identified the +2 rapier of Disharmony {heavy, Contam Fly
                  | Str+3} (Trog gifted it to you on level 3 of the Lair of
                  | Beasts)
 16606 | Lair:3   | Received a gift from Trog
 16659 | Lair:3   | Reached skill level 17 in Fighting
 16673 | Lair:3   | Gained mutation: Your large and strong wings let you fly.
                  | [Gargoyle growth]
 16673 | Lair:3   | Reached XP level 14. HP: 102/102 MP: 14/14
 17352 | Lair:3   | Found a staircase to the Swamp.
 17375 | Lair:3   | Found a runed translucent gate.
 17379 | Lair:3   | Found a runed translucent gate.
 17379 | Lair:3   | Found a runed translucent gate.
 17381 | Lair:3   | Noticed Vacku Hude's ghost (journeyman HOFi)
 17715 | Lair:4   | You are sucked into a shaft and drop 1 floor!
 17715 | Lair:5   | Entered Level 5 of the Lair of Beasts
 17760 | Lair:5   | Reached skill level 18 in Fighting
 18366 | Lair:5   | Identified the +1 great mace of Trog's Condemnation {flame,
                  | +Blink rElec Will+} (Trog gifted it to you on level 5 of
                  | the Lair of Beasts)
 18366 | Lair:5   | Received a gift from Trog
 18569 | Lair:5   | Found a corrupted altar of Lugonu.
 18569 | Lair:5   | Found a one-way gate to the infinite horrors of the Abyss.
 19165 | Lair:5   | Reached XP level 15. HP: 109/109 MP: 15/15
 19219 | Lair:4   | Reached skill level 15 in Maces & Flails
 19506 | Lair:4   | Found a staircase to the Slime Pits.
 19506 | Lair:4   | Found a viscous altar of Jiyva.
 20129 | Lair:5   | Reached skill level 19 in Fighting
 20674 | D:11     | Received a gift from Trog
 21250 | D:12     | Found a staircase to the Orcish Mines.
 21255 | D:12     | Reached skill level 10 in Stealth
 22276 | D:13     | Received a gift from Trog
 23172 | D:14     | Noticed Rupert
 23187 | D:14     | Killed Rupert
 23192 | D:14     | Noticed Urug
 23637 | D:14     | Killed Urug
 23664 | D:14     | Found a gate to the Vaults.
 24277 | D:15     | Entered Level 15 of the Dungeon
 24552 | D:15     | Reached XP level 16. HP: 111/118 MP: 16/16
 24742 | D:15     | Found a staircase to the Depths.
 25181 | D:15     | Reached skill level 20 in Fighting
 25636 | Orc:1    | Entered Level 1 of the Orcish Mines
 25817 | Orc:2    | Entered Level 2 of the Orcish Mines
 25821 | Orc:2    | Received a gift from Trog
 25973 | Orc:2    | Found a staircase to the Elven Halls.
 26068 | Orc:2    | Reached skill level 10 in Armour
 26214 | Orc:2    | Found Ureblirph's Antique Armour Boutique.
 26216 | Orc:2    | Found Pojudim's Antique Weapon Shop.
 26256 | Orc:2    | Bought an ichor-stained chain mail for 275 gold pieces
 26256 | Orc:2    | Identified the +4 chain mail of Ullotooh {+Inv rN+ Str+4
                  | Int+2} (You bought it in a shop on level 2 of the Orcish
                  | Mines)
 26362 | Orc:2    | Noticed Snorg
 26369 | Orc:2    | Killed Snorg
 26404 | Orc:2    | Found Nap Cinn's Magic Scroll Boutique.
 26430 | Orc:2    | Bought a scroll of acquirement for 780 gold pieces
 26430 | Orc:2    | Acquired a manual of Evocations
 26432 | Orc:2    | Bought a scroll of blinking for 112 gold pieces
 26432 | Orc:2    | Bought a scroll of teleportation for 45 gold pieces
 26604 | Orc:2    | Found a shimmering blue altar of Sif Muna.
 26918 | Orc:2    | Found Xoxohom's Magic Scroll Shop.
 26953 | Orc:2    | Bought a scroll of enchant armour for 105 gold pieces
 26953 | Orc:2    | Bought a scroll of blinking for 105 gold pieces
 26953 | Orc:2    | Bought a scroll of blinking for 105 gold pieces
 27235 | Snake:1  | Entered Level 1 of the Snake Pit
 27417 | Snake:1  | Noticed Roxanne
 27486 | Snake:1  | Reached skill level 5 in Evocations
 27494 | Snake:1  | Reached ****** piety under Trog
 27531 | Snake:1  | Noticed Donald
 27542 | Snake:1  | Killed Donald
 27623 | Snake:1  | Noticed Aizul
 27635 | Snake:1  | Killed Aizul
 28233 | Snake:1  | Found Jioroenge's Jewellery Shop.
 28235 | Snake:1  | Found Voim's Armour Boutique.
 28235 | Snake:1  | Found Pianin's Armour Shop.
 28240 | Snake:1  | Found Bodysioz's Book Boutique.
 28249 | Snake:1  | Bought a +2 helmet of intelligence for 344 gold pieces
 29091 | Snake:2  | Reached XP level 17. HP: 113/124 MP: 1/17
 29260 | Snake:2  | Received a gift from Trog
 31168 | Snake:4  | Entered Level 4 of the Snake Pit
 31576 | Swamp:1  | Entered Level 1 of the Swamp
 32142 | Swamp:1  | Reached skill level 10 in Evocations
 33839 | Swamp:3  | Reached XP level 18. HP: 42/129 MP: 18/18
 34319 | Swamp:4  | Entered Level 4 of the Swamp
 34483 | Swamp:4  | Received a gift from Trog
 34655 | Swamp:4  | Noticed the 27-headed Lernaean hydra
 34662 | Swamp:4  | HP: 5/129 [the 27-headed Lernaean hydra (12)]
 34662 | Swamp:4  | Mangled by the 27-headed Lernaean hydra

Illustrated notes

Levels and vault maps discovered:
D:1:      eino_arrival_cavern_d, layout_basic,
          dreamdust_ecumenical_altar_sealed_demon
D:2:      layout_basic, serial_curves, eino_curves_02, eino_curves_03,
          eino_curves_01, amcnicky_mini_rare_corridor_liquid, uniq_terence,
          uniq_crazy_yiuf_cottage, uniq_natasha
D:3:      cheibrodos_old_hovel, layout_loops_ring, trog_wizard,
          corexii_hall_statues_l, minmay_misc_feat_secret_circle, st_stairs_5
D:4:      layout_rooms, mainiacjoe_overflow_small_starburst,
          nicolae_overflow_squiral, nicolae_overflow_hallway_of_the_gods,
          minmay_misc_feat_rugged, minivault_25, uniq_menkaure, uniq_ijyb
D:5:      layout_layer_cave, nrook_loot_triangle, kennysheep_small_square
D:6:      layout_layer_cave, serial_demonic, serial_demonic_a, serial_demonic_d,
          serial_demonic_c, serial_demonic_c, serial_demonic_e,
          serial_demonic_e, serial_demonic_d
D:7:      layout_loops_cross, lemuel_round_altar, mainiacjoe_overflow_alcove_1,
          nemelex_spade_bored_becter, minmay_temple_entry_statues_pillars,
          uniq_duvessa, uniq_pikel
D:8:      layout_rooms, due_lair_maze_entry_diamond, minmay_increasing_density,
          uniq_psyche, uniq_erica
D:9:      layout_big_octagon, serial_shops, kennysheep_little_box,
          hellmonk_guarded_unrand_dark_maul
D:10:     layout_cave_pods, amcnicky_altar_gilded, kennysheep_decorative_pillar,
          uniq_sonja
D:11:     layout_long_grid, portal_ice_cave_entry_animals_and_master
D:12:     layout_basic, zombieorc2_lemuel
D:13:     layout_stronghold, nrook_guardian_serpent_ordinary
D:14:     layout_long_grid, david_vaults_3, hangedman_decor_push
D:15:     grunt_enter_depths_magical_seal, layout_loops_corners,
          skrybe_limestone_x
Temple:   corrupted_temple
Lair:1:   dreamdust_cave_troll, layout_long_grid, minmay_lair_oklob_bushes,
          infiniplex_staircase_pool_2
Lair:2:   layout_chaotic_city, nicolae_snake_entry_warm_welcome,
          grunt_megastairs_4
Lair:3:   layout_cave_shapes, skrybe_swamp_entry_bodies,
          gammafunk_ghost_hydra_chop, kennysheep_basilisk_garden,
          lemuel_fruit_tree, serial_bayou_shore_a
Lair:4:   layout_roguey, slime_entry_1
Lair:5:   hellmonk_lair_end_abyssal_woods, layout_gridlike, serial_rivers,
          chequers_serial_rivers_micro_b, chequers_serial_rivers_room_a,
          chequers_serial_rivers_room_a, chequers_serial_rivers_micro_e,
          chequers_serial_rivers_small_b, st_stairs_13,
          grunt_forest_stairs_basic
Swamp:1:  layout_falls_marsh, evilmike_swamp_ruin_house_4
Swamp:2:  layout_falls_marsh, serial_swamp_ruin, hangedman_swamp_ruin_wall,
          evilmike_swamp_ruin_rubble_2
Swamp:3:  layout_basic_swamp, evilmike_swamp_ruin_house_2, swamp_pool3,
          nicolae_swamp_bunyip_nook
Swamp:4:  swamp_old_school, layout_basic_swamp
Snake:1:  layout_cave_shapes, grunt_megastairs_3, minmay_shoptagon, uniq_aizul,
          uniq_donald, uniq_roxanne
Snake:2:  layout_rooms, nicolae_snake_salamander_jacuzzi, grunt_megastairs_1
Snake:3:  layout_misc_corridors, drop_trap
Snake:4:  snake_pit_salamanders_mu, layout_cave_town,
          nicolae_snake_serpentine_hallways, drop_trap, uniq_louise,
          uniq_saint_roka
Orc:1:    layout_caves, uniq_maurice, uniq_nergalle
Orc:2:    grunt_orc_community_town_hall, layout_caves,
          grunt_orc_community_big_house_2, grunt_orc_community_big_house_1,
          grunt_orc_community_house_2, grunt_orc_community_house_3,
          grunt_orc_community_house_2, grunt_orc_community_house_1, basic_altar,
          kennysheep_orc_sif_temple, uniq_snorg

Skill      XL: |  1  2  3  4  5  6  7  8  9 10 11 12 13 14 15 16 17 18 |
---------------+-------------------------------------------------------+-----
Throwing       | 2 |  2.0
Stealth        | 5 6 7 8 11 | 11.4
Fighting       | 3 4 5 6 7 10 13 17 18 19 20 | 20.0
Short Blades   | 2 3 4 5 |  5.0
Maces & Flails | 5 9 12 13 14 16 17 18 | 18.8
Dodging        | 2 5 7 8 |  8.9
Evocations     | 2 3 7 11 | 11.8
Armour         | 2 8 11 13 14 | 14.3

Action                     |  1- 3 |  4- 6 |  7- 9 | 10-12 | 13-15 | 16-18 || total
---------------------------+-------+-------+-------+-------+-------+-------++-------
  Melee: Dagger            |    58 |   153 |   346 |       |       |       ||   557
         Punch             |       |     2 |     2 |     5 |       |       ||     9
         Whip              |       |       |   153 |   307 |       |       ||   460
         Maul              |       |       |       |   132 |   511 |   534 ||  1177
         Dire flail        |       |       |       |     8 |       |       ||     8
         Morningstar       |       |       |       |    23 |       |       ||    23
         Great mace        |       |       |       |       |    18 |       ||    18
  Throw: Dart              |    11 |    12 |    42 |    95 |   101 |    60 ||   321
 Invoke: Berserk           |       |     1 |     4 |     6 |     7 |     3 ||    21
         Trog's Hand       |       |       |     1 |     2 |     3 |     5 ||    11
         Brothers in Arms  |       |       |       |     1 |     2 |     4 ||     7
  Evoke: Wand              |       |       |       |     3 |     6 |     1 ||    10
         Lightning rod     |       |       |       |       |     4 |       ||     4
         Tin of tremorston |       |       |       |       |     1 |     4 ||     5
         Phial of floods   |       |       |       |       |     1 |     1 ||     2
         Phantom mirror    |       |       |       |       |       |     2 ||     2
    Use: Scroll            |       |     5 |     9 |     6 |    10 |     7 ||    37
         Potion            |       |       |       |     1 |     1 |       ||     2
   Stab: Sleeping          |    12 |    11 |    11 |     4 |     8 |    28 ||    74
         Distracted        |       |     1 |       |     1 |     2 |     2 ||     6
         Invisible         |       |       |       |       |     3 |       ||     3
 Armour: Robe              |     5 |       |    31 |    63 |       |       ||    99
         Leather armour    |    12 |    45 |   152 |       |       |       ||   209
         Steam dragon scal |       |       |       |    90 |   322 |   599 ||  1011
  Dodge: Dodged            |    18 |    92 |   506 |   416 |  1100 |  1259 ||  3391
  Block: Other             |       |       |       |       |       |    53 ||    53
         Reflection        |       |       |       |       |       |     2 ||     2

Table legend: (Time is in decaauts)
 A = Elapsed time spent in this place.
 B = Non-inter-level travel time spent in this place.
 C = Inter-level travel time spent in this place.
 D = Time resting spent in this place.
 E = Time spent auto-exploring this place.
 F = Levels seen in this place.
 G = Mean time per level.
                   A        B        C        D        E       F      G
               +--------+--------+--------+--------+--------+-----+--------+
         Total |  36187 |  34309 |   1878 |   3196 |  23283 |  32 | 1130.8 |
       Dungeon |  18013 |  16899 |   1114 |   1630 |  11726 |  15 | 1200.9 |
        Temple |    165 |    160 |      5 |      0 |    156 |   1 |  165.0 |
          Lair |   7668 |   7254 |    414 |    856 |   4632 |   5 | 1533.6 |
         Swamp |   3085 |   3024 |     61 |     26 |   2227 |   4 |  771.2 |
     Snake Pit |   4537 |   4330 |    207 |    499 |   2925 |   4 | 1134.2 |
  Orcish Mines |   1636 |   1561 |     75 |     89 |   1005 |   2 |  818.0 |
      Ice Cave |   1080 |   1080 |      0 |     96 |    611 |   1 | 1080.0 |
               +--------+--------+--------+--------+--------+-----+--------+

Top non-repeatable levels by time:
  Lair:5: 1979 daAuts
 Snake:2: 1801 daAuts
  Lair:1: 1770 daAuts
     D:6: 1754 daAuts
 Snake:1: 1650 daAuts
    D:13: 1603 daAuts
     D:7: 1558 daAuts
  Lair:3: 1517 daAuts
     D:8: 1461 daAuts
     D:5: 1428 daAuts
    D:15: 1402 daAuts
     D:9: 1398 daAuts
 Swamp:3: 1396 daAuts
  Lair:2: 1372 daAuts
   Orc:2: 1321 daAuts
